 Dungeon Crawl Stone Soup version 0.24.0-13-gcf9b319 (webtiles) character file.

Game seed: 13374672282130217704, levelgen mode: deterministic

39 Boetheseconed the Skirmisher (level 3, -2/34 HPs)
             Began as a Demonspawn Wanderer on Dec 11, 2019.
             Was an Initiate of Okawaru.
             Slain by a hornet zombie (7 damage)
             ... on level 3 of the Dungeon.
             The game lasted 00:04:59 (1774 turns).

Boetheseconed the Skirmisher (Demonspawn Wanderer)  Turns: 1774, Time: 00:05:00

Health: -2/34      AC: 12    Str: 11    XL:     3   Next: 26%
Magic:  4/4        EV: -2    Int: 15    God:    Okawaru [......]
Gold:   140        SH: 10    Dex: 12    Spells: 2/2 levels left

rFire    . . .     SeeInvis .   a - +2 mace
rCold    . . .     Gourm    .   n - +0 large shield
rNeg     . . .     Faith    .   i - +0 plate armour
rPois    .         Spirit   .   (helmet restricted)
rElec    .         Reflect  .   k - +0 cloak
rCorr    .         Harm     .   (no gloves)
MR       .....                  (no boots)
Stlth    ..........             (no amulet)
HPRegen  0.11/turn              (no ring)
MPRegen  0.09/turn              (no ring)

@: no status effects
A: horns 1
a: Renounce Religion


You were on level 3 of the Dungeon.
You worshipped Okawaru.
Okawaru was noncommittal.
You were not hungry.

You visited 1 branch of the dungeon, and saw 3 of its levels.

You collected 140 gold pieces.

Inventory:

Hand Weapons
 a - a +2 mace (weapon)
 b - a +0 quarterstaff
Armour
 d - a +0 robe
 i - a +0 plate armour (worn)
 k - a +0 cloak (worn)
 n - a +0 large shield (worn)
Scrolls
 e - 2 scrolls of fog
 g - 3 scrolls of remove curse
 j - a scroll of amnesia {unknown}
 l - a scroll of enchant armour {unknown}
 m - 2 scrolls of identify
Potions
 c - 2 potions of curing
 h - a potion of berserk rage {unknown}
Comestibles
 f - 6 rations
 o - 2 chunks of flesh


   Skills:
 + Level 5.6 Fighting
 + Level 1.2 Maces & Flails
 + Level 2.2 Armour
 + Level 0.2 Shields
   Level 2.0 Evocations


You had 2 spell levels left.
You didn't know any spells.
Your spell library was empty.

Dungeon Overview and Level Annotations

Branches:
Dungeon (3/15)

Altars:
Cheibriados
Okawaru


Innate Abilities, Weirdness & Mutations

You have a pair of small horns on your head.


Message History

You block the hornet zombie's attack. The hornet zombie hits you.
Your shield prevents you from hitting the hornet zombie.
The hornet zombie is lightly damaged.
You block the hornet zombie's attack.
You barely miss the hornet zombie. Your headbutt misses the hornet zombie.
The hornet zombie is lightly damaged.
The hornet zombie hits you but does no damage. x2
You sock the hornet zombie!
The hornet zombie is moderately damaged.
The hornet zombie hits you. x2
You barely miss the hornet zombie.
The hornet zombie is moderately damaged.
The hornet zombie hits you!
* * * LOW HITPOINT WARNING * * *
You block the hornet zombie's attack. You block the hornet zombie's attack.
You block the hornet zombie's attack.
The hornet zombie hits you but does no damage.
The hornet zombie hits you!
You die...

..# #.# #.# #########
##### #.# #.......# ....
#.# #.#####.### # ..# #.#
#.# #.<.. #.#### #.#
###.######.## #####
.....###.#####.Z@......†.#
...........o.r...#######÷#
..#####..#####.#.# #.#
#.## ###.# #.# ### #.# #.#
#.# #.# #.# #.# #.. #.#
### #.#


You could see an orc, a hornet zombie and a rat.

Vanquished Creatures
  An adder (D:2)
  A leopard gecko (D:1)
  A ball python (D:3)
  2 giant cockroaches
  6 goblins
  4 hobgoblins
  4 jackals (D:3)
  2 bats (D:1)
  A frilled lizard (D:1)
  2 kobolds
24 creatures vanquished.

Notes
Turn   | Place    | Note
-------+----------+-------------------------------------------
     0 | D:1      | Boetheseconed the Demonspawn Wanderer began the quest for
                  | the Orb.
     0 | D:1      | Boetheseconed set off with the following items: a +2 mace,
                  | a +0 quarterstaff, a potion of curing, a +0 robe, a ration
     0 | D:1      | Reached XP level 1. HP: 21/21 MP: 2/2
   757 | D:1      | Gained mutation: You have a pair of small horns on your
                  | head. [demonic ancestry]
   757 | D:1      | Reached XP level 2. HP: 22/27 MP: 3/3
  1527 | D:2      | Reached XP level 3. HP: 33/33 MP: 4/4
  1528 | D:2      | Found a snail-covered altar of Cheibriados.
  1634 | D:3      | Found an iron altar of Okawaru.
  1687 | D:3      | Became a worshipper of Warmaster Okawaru
  1774 | D:3      | Slain by a hornet zombie

Levels and vault maps discovered:
D:1:      dpeg_arrival_connections, layout_basic
D:2:      layout_loops_ring, nicolae_overflow_hidden_temple
D:3:      layout_loops_ring, gammafunk_temple_overflow_elements,
          lemuel_doored_altar, nemelex_xobeh_ov_fountains_minmay

Skill      XL: |  1  2 |
---------------+-------+-----
Armour         | 2 |  2.2
Fighting       | |  5.6
Maces & Flails | |  1.2
Shields        | |  0.2
Evocations     | |  2.0

Action                   || total
-------------------------++-------
Melee: Mace              ||    77
       Headbutt          ||    10
  Use: Scroll            ||     2
  Eat: Chunk             ||     3
Armor: Robe              ||     5
       Plate armour      ||    55
Dodge: Dodged            ||    11
Block: Large shield      ||    54
